Description

Good standard open for Terran. VG against Protoss

Build Order

Why is there no SALT encoding or Overwolf build?

  12  0:00  SCV  
  13    SCV  
  14  0:19  Supply Depot  
  15  0:30  Refinery  
  16  0:45  Barracks  
  20  1:32  Marine  
  20  1:33  Orbital Command  
  20  1:45  Command Center  
  20  1:55  Barracks Reactor  
  20  2:00  Factory  
  20  2:05  SCV  
  21  2:10  Supply Depot  
  22  2:15  Refinery  
  22  2:25  Marine x2  
  28  2:45  Widow Mine x2  
  28  2:46  Starport  
  31  3:00  Orbital Command  
  39  3:35  Barracks x2  
  39  3:46  Factory Tech Lab x2  
  39  3:50  Engineering Bay  
  39  3:55  Supply Depot  
  39  4:10  Factory Reactor x2  
  39  4:19  Terran Infantry Weapons Level 1  
  53  4:30  Combat Shield, Stimpack  
Spawning Tool Build Advisor. Get it on Overwolf

Go to:

Details

  • Created by: PinkNinja930
  • Published on: Apr 29, 2020
  • Modified on: Apr 29, 2020
  • Patch: 4.11.0
Show

Export as new Build Order

Comments (0)

There are no comments. Be the first!

Create an account to comment!